TOP OF THE 1ST |
Toledo Stingers batting - Pitching for New Orleans Voodoo : RHP Rhys Maskell
|
Pitching: RHP Rhys Maskell
|
|
Batting: RHB Brook Linen
|
0-0: Ball 1-0: Ball 2-0: Called Strike 2-1: Called Strike 2-2: Fly out, F8 (Flyball, 8RS, EV 78.1 MPH)
|
Batting: LHB Matt Dunlap
|
0-0: Called Strike 0-1: Ball 1-1: SOLO HOME RUN (Flyball, 9D, EV 94.4 MPH), Distance : 373 ft
|
Batting: RHB Baldomero Avino
|
0-0: Ball 1-0: Ground out 5-3 (Groundball, 56, EV 102.5 MPH)
|
Batting: LHB Lester Threlfall
|
0-0: Called Strike 0-1: Foul Ball, location: 2F 0-2: Ball 1-2: Foul Ball, location: 2F 1-2: Ball 2-2: Ball 3-2: Foul Ball, location: 2F 3-2: SINGLE (Flyball, 78S, EV 96.9 MPH)
|
Batting: LHB Pedro Serano
|
0-0: Ball 1-0: Hit by Pitch Lester Threlfall to second
|
Batting: SHB Adam Clements
|
0-0: Called Strike 0-1: Ball 1-1: SINGLE (Flyball, 89M, EV 93.8 MPH) Lester Threlfall to third Pedro Serano to second Runner from 3rd tries for Home, SAFE, no throw by CF
|
Batting: LHB Grover Barbaran
|
0-0: Called Strike 0-1: Ball 1-1: Ball 2-1: Foul Ball, location: 2F 2-2: Ball 3-2: Foul Ball, location: 2F 3-2: Strikes out swinging
|
Top of the 1st over - 2 runs, 3 hits, 0 errors, 2 left on base; Toledo 2 - New Orleans 0 |
BOTTOM OF THE 1ST |
New Orleans Voodoo batting - Pitching for Toledo Stingers : RHP Ricky Sellers
|
Pitching: RHP Ricky Sellers
|
|
Batting: RHB Arturo Cicerón
|
0-0: Ball 1-0: SINGLE (Groundball, 56S, EV 65.6 MPH) (infield hit)
|
Batting: RHB Jason Slaybaugh
|
0-0: Called Strike 0-1: Ball 1-1: Ball 2-1: Foul Ball, location: 2F 2-2: Foul Ball, location: 2F 2-2: Strikes out swinging
|
Batting: SHB Gerrie Bond
|
0-0: Ball 1-0: Called Strike 1-1: Ball 2-1: Ball 3-1: Grounds into double play, 6-4-3 (Groundball, 6, EV 91.2 MPH)
|
Bottom of the 1st over - 0 runs, 1 hit, 0 errors, 0 left on base; Toledo 2 - New Orleans 0 |
TOP OF THE 2ND |
Toledo Stingers batting - Pitching for New Orleans Voodoo : RHP Rhys Maskell
|
Batting: RHB David Alcabú
|
0-0: Ball 1-0: Foul Ball, location: 2F 1-1: Ball 2-1: Called Strike 2-2: Ground out 4-3 (Groundball, 34D, EV 101.2 MPH)
|
Batting: RHB Anselmo Berneu
|
0-0: Ball 1-0: Ball 2-0: Ball 3-0: Base on Balls
|
Batting: RHB Brook Linen
|
0-0: Called Strike 0-1: Fly out, F7 (Flyball, 7S, EV 84.4 MPH)
|
Batting: LHB Matt Dunlap
|
0-0: Foul Ball, location: 2F 0-1: Foul Ball, location: 2F 0-2: Ground out U3 (Groundball, 3, EV 103.1 MPH)
|
Top of the 2nd over - 0 runs, 0 hits, 0 errors, 1 left on base; Toledo 2 - New Orleans 0 |
BOTTOM OF THE 2ND |
New Orleans Voodoo batting - Pitching for Toledo Stingers : RHP Ricky Sellers
|
Batting: LHB Weston Doyle
|
0-0: Ball 1-0: Foul Ball, location: 2F 1-1: Ground out U3 (Groundball, 3L, EV 82.5 MPH)
|
Batting: RHB Jeff Bowers
|
0-0: Ball 1-0: Ball 2-0: Ball 3-0: Base on Balls
|
Batting: LHB Jonathan Gunner
|
0-0: Called Strike 0-1: Called Strike 0-2: Strikes out swinging Jeff Bowers steals 2nd base (no throw) Batter strikes out.
|
Batting: LHB Derek Corbin
|
0-0: SINGLE (Line Drive, 34D, EV 100.6 MPH) Jeff Bowers to third
|
Batting: LHB Aurelius Estrada
|
0-0: Called Strike 0-1: Ball 1-1: Ball 2-1: Ball 3-1: SINGLE (Line Drive, 89M, EV 104.4 MPH) Jeff Bowers scores Derek Corbin to second
|
Batting: LHB Luis García
|
0-0: Ball 1-0: Ball 2-0: Ball 3-0: Base on Balls Derek Corbin to third Aurelius Estrada to second
|
Batting: RHB Arturo Cicerón
|
0-0: Called Strike 0-1: Called Strike 0-2: Foul Ball, location: 2F 0-2: Ball 1-2: Strikes out swinging
|
Bottom of the 2nd over - 1 run, 2 hits, 0 errors, 3 left on base; Toledo 2 - New Orleans 1 |
TOP OF THE 3RD |
Toledo Stingers batting - Pitching for New Orleans Voodoo : RHP Rhys Maskell
|
Batting: RHB Baldomero Avino
|
0-0: SOLO HOME RUN (Flyball, 78XD, EV 101.2 MPH), Distance : 381 ft
|
Batting: LHB Lester Threlfall
|
0-0: SOLO HOME RUN (Flyball, 89XD, EV 88.1 MPH), Distance : 373 ft
|
Batting: LHB Pedro Serano
|
0-0: Called Strike 0-1: Ball 1-1: Ball 2-1: Foul Ball, location: 2F 2-2: Ball 3-2: Foul Ball, location: 2F 3-2: Ground out 4-3 (Groundball, 4, EV 78.1 MPH)
|
Batting: SHB Adam Clements
|
0-0: Called Strike 0-1: Swinging Strike 0-2: Strikes out swinging
|
Batting: LHB Grover Barbaran
|
0-0: Called Strike 0-1: Ball 1-1: Ball 2-1: Foul Ball, location: 2F 2-2: Foul Ball, location: 2F 2-2: Ground out U3 (Groundball, 3L, EV 83.8 MPH)
|
Top of the 3rd over - 2 runs, 2 hits, 0 errors, 0 left on base; Toledo 4 - New Orleans 1 |
BOTTOM OF THE 3RD |
New Orleans Voodoo batting - Pitching for Toledo Stingers : RHP Ricky Sellers
|
Batting: RHB Jason Slaybaugh
|
0-0: Called Strike 0-1: Swinging Strike 0-2: Foul Ball, location: 2F 0-2: Strikes out looking
|
Batting: SHB Gerrie Bond
|
0-0: Ball 1-0: Ground out 3-1 (Groundball, 34, EV 102.5 MPH)
|
Batting: LHB Weston Doyle
|
0-0: Called Strike 0-1: Fly out, F9 (Flyball, 9LS, EV 88.1 MPH)
|
Bottom of the 3rd over - 0 runs, 0 hits, 0 errors, 0 left on base; Toledo 4 - New Orleans 1 |
TOP OF THE 4TH |
Toledo Stingers batting - Pitching for New Orleans Voodoo : RHP Rhys Maskell
|
Batting: RHB David Alcabú
|
0-0: SINGLE (Line Drive, 6D, EV 98.8 MPH)
|
Batting: RHB Anselmo Berneu
|
0-0: Ball 1-0: Fly out, F7 (Flyball, 7LD, EV 100.0 MPH)
|
Batting: RHB Brook Linen
|
0-0: Called Strike David Alcabú is caught stealing 2nd base 2-4 0-1: Called Strike 0-2: Strikes out swinging
|
Top of the 4th over - 0 runs, 1 hit, 0 errors, 0 left on base; Toledo 4 - New Orleans 1 |
BOTTOM OF THE 4TH |
New Orleans Voodoo batting - Pitching for Toledo Stingers : RHP Ricky Sellers
|
Batting: RHB Jeff Bowers
|
0-0: SINGLE (Groundball, 34D, EV 106.9 MPH)
|
Batting: LHB Jonathan Gunner
|
0-0: Fly out, F7 (Line Drive, 7D, EV 93.1 MPH)
|
Batting: LHB Derek Corbin
|
0-0: Called Strike 0-1: Ball 1-1: Ball 2-1: Ball 3-1: Called Strike 3-2: Foul Ball, location: 2F 3-2: SINGLE (Groundball, 6MD, EV 94.4 MPH) Jeff Bowers to second
|
Batting: LHB Aurelius Estrada
|
0-0: Called Strike 0-1: Ball 1-1: Ball 2-1: Grounds into double play, 5-4-3 (Groundball, 5, EV 98.1 MPH)
|
Bottom of the 4th over - 0 runs, 2 hits, 0 errors, 1 left on base; Toledo 4 - New Orleans 1 |
TOP OF THE 5TH |
Toledo Stingers batting - Pitching for New Orleans Voodoo : RHP Rhys Maskell
|
Batting: LHB Matt Dunlap
|
0-0: Foul Ball, location: 2F 0-1: Swinging Strike 0-2: Strikes out swinging
|
Batting: RHB Baldomero Avino
|
0-0: SOLO HOME RUN (Flyball, 89XD, EV 101.9 MPH), Distance : 406 ft
|
Batting: LHB Lester Threlfall
|
0-0: Ball 1-0: Ball 2-0: Called Strike 2-1: SINGLE (Line Drive, 5D, EV 97.5 MPH)
|
Batting: LHB Pedro Serano
|
0-0: Ball 1-0: Swinging Strike 1-1: Ball 2-1: DOUBLE (Line Drive, 78D, EV 111.9 MPH) Lester Threlfall to third
|
Batting: SHB Adam Clements
|
0-0: SINGLE (Line Drive, 6M, EV 97.5 MPH) Lester Threlfall scores Pedro Serano to third Runner from 3rd tries for Home, SAFE, throw by CF to home Adam Clements to second
|
Pitching: RHP Buzzy Grossman
|
|
Batting: LHB Grover Barbaran
|
0-0: Called Strike 0-1: Called Strike 0-2: Ground out 4-3 (Groundball, 4, EV 82.5 MPH) Adam Clements to third
|
Batting: RHB David Alcabú
|
0-0: Foul Ball, location: 2F 0-1: Ground out 1-3 (Groundball, 23, EV 71.9 MPH)
|
Top of the 5th over - 3 runs, 4 hits, 0 errors, 1 left on base; Toledo 7 - New Orleans 1 |
BOTTOM OF THE 5TH |
New Orleans Voodoo batting - Pitching for Toledo Stingers : RHP Ricky Sellers
|
Batting: LHB Luis García
|
0-0: Ball 1-0: Ball 2-0: Called Strike 2-1: Ball 3-1: Foul Ball, location: 2F 3-2: Ground out 6-3 (Groundball, 6M, EV 84.4 MPH)
|
Batting: RHB Arturo Cicerón
|
0-0: DOUBLE (Flyball, 8RD, EV 100.0 MPH)
|
Batting: RHB Jason Slaybaugh
|
0-0: Called Strike 0-1: Ball 1-1: Ground out 6-3 (Groundball, 6, EV 80.0 MPH) Arturo Cicerón to third
|
Batting: SHB Gerrie Bond
|
0-0: Called Strike 0-1: Swinging Strike 0-2: Fly out, F9 (Flyball, 9LMF, EV 81.9 MPH)
|
Bottom of the 5th over - 0 runs, 1 hit, 0 errors, 1 left on base; Toledo 7 - New Orleans 1 |
TOP OF THE 6TH |
Toledo Stingers batting - Pitching for New Orleans Voodoo : RHP Buzzy Grossman
|
Batting: RHB Anselmo Berneu
|
0-0: Swinging Strike 0-1: Fly out, F7 (Flyball, 7LD, EV 100.0 MPH)
|
Batting: RHB Brook Linen
|
0-0: Called Strike 0-1: Ball 1-1: Foul Ball, location: 2F 1-2: Ball 2-2: Strikes out looking
|
Batting: LHB Matt Dunlap
|
0-0: Ball 1-0: Called Strike 1-1: Ball 2-1: Fly out, F9 (Flyball, 89D, EV 97.5 MPH)
|
Top of the 6th over - 0 runs, 0 hits, 0 errors, 0 left on base; Toledo 7 - New Orleans 1 |
BOTTOM OF THE 6TH |
New Orleans Voodoo batting - Pitching for Toledo Stingers : RHP Ricky Sellers
|
Batting: LHB Weston Doyle
|
0-0: Called Strike 0-1: Ball 1-1: Fly out, F7 (Flyball, 7, EV 91.9 MPH)
|
Batting: RHB Jeff Bowers
|
0-0: Ball 1-0: Foul Ball, location: 2F 1-1: Ball 2-1: Swinging Strike 2-2: Foul Ball, location: 2F 2-2: TRIPLE (Line Drive, 89XD, EV 105.6 MPH)
|
Batting: LHB Jonathan Gunner
|
0-0: Called Strike 0-1: Called Strike 0-2: Ball 1-2: Ball 2-2: Fly out, F6 (Line Drive, 6, EV 61.9 MPH)
|
Batting: LHB Derek Corbin
|
0-0: Ball 1-0: Ball 2-0: Swinging Strike 2-1: Foul Ball, location: 2F 2-2: Strikes out looking
|
Bottom of the 6th over - 0 runs, 1 hit, 0 errors, 1 left on base; Toledo 7 - New Orleans 1 |
TOP OF THE 7TH |
Toledo Stingers batting - Pitching for New Orleans Voodoo : RHP Buzzy Grossman
|
Batting: RHB Baldomero Avino
|
0-0: Called Strike 0-1: Ball 1-1: Ball 2-1: Ball 3-1: Base on Balls
|
Batting: LHB Lester Threlfall
|
0-0: Ball 1-0: Called Strike 1-1: Ball 2-1: Fly out, F7 (Line Drive, 7, EV 86.9 MPH)
|
Batting: LHB Pedro Serano
|
0-0: Called Strike 0-1: 2-RUN HOME RUN (Flyball, 9D, EV 90.6 MPH), Distance : 357 ft
|
Pinch Hitting: LHB Chet Clifton
|
0-0: Ball 1-0: Foul Ball, location: 2F 1-1: SINGLE (Line Drive, 34D, EV 98.1 MPH)
|
Batting: LHB Grover Barbaran
|
0-0: Ball 1-0: Ball Wild Pitch! Chet Clifton to second 2-0: Called Strike 2-1: Ball 3-1: Ground out 4-3 (Groundball, 34, EV 107.5 MPH) Chet Clifton to third
|
Batting: RHB David Alcabú
|
0-0: Ball 1-0: Fly out, F8 (Line Drive, 8LD, EV 91.2 MPH)
|
Top of the 7th over - 2 runs, 2 hits, 0 errors, 1 left on base; Toledo 9 - New Orleans 1 |
BOTTOM OF THE 7TH |
New Orleans Voodoo batting - Pitching for Toledo Stingers : RHP Ricky Sellers
|
Now at 2B: Chet Clifton
|
|
Batting: LHB Aurelius Estrada
|
0-0: Ground out 4-3 (Groundball, 34, EV 109.4 MPH)
|
Batting: LHB Luis García
|
0-0: Called Strike 0-1: Ball 1-1: Ball 2-1: Ball 3-1: Base on Balls
|
Batting: RHB Arturo Cicerón
|
0-0: Called Strike 0-1: Ball 1-1: Fielders Choice at 2nd, 3-6 (Groundball, 34, EV 83.8 MPH)
|
Pitching: RHP Stu Riley
|
|
Batting: RHB Jason Slaybaugh
|
0-0: Ball 1-0: Ball 2-0: Called Strike 2-1: Fly out, F9 (Flyball, 9S, EV 76.2 MPH)
|
Bottom of the 7th over - 0 runs, 0 hits, 0 errors, 1 left on base; Toledo 9 - New Orleans 1 |
TOP OF THE 8TH |
Toledo Stingers batting - Pitching for New Orleans Voodoo : RHP Buzzy Grossman
|
Batting: RHB Anselmo Berneu
|
0-0: Called Strike 0-1: DOUBLE (Groundball, 5L, EV 96.9 MPH)
|
Pinch Hitting: RHB Jesús Morán
|
0-0: Called Strike 0-1: Ball 1-1: Ball 2-1: Fly out, F9 (Flyball, 9S, EV 89.4 MPH)
|
Batting: LHB Matt Dunlap
|
0-0: Ball 1-0: Ground out 4-3 (Groundball, 4, EV 88.8 MPH) Anselmo Berneu to third
|
Batting: RHB Baldomero Avino
|
0-0: Ball 1-0: Called Strike 1-1: Foul Ball, location: 2F 1-2: Ball 2-2: DOUBLE (Groundball, 5L, EV 105.6 MPH) Anselmo Berneu scores
|
Batting: LHB Lester Threlfall
|
0-0: Called Strike 0-1: Swinging Strike 0-2: Ball 1-2: Ground out 4-3 (Groundball, 4M, EV 101.9 MPH)
|
Top of the 8th over - 1 run, 2 hits, 0 errors, 1 left on base; Toledo 10 - New Orleans 1 |
BOTTOM OF THE 8TH |
New Orleans Voodoo batting - Pitching for Toledo Stingers : RHP Stu Riley
|
Now in LF: Jesús Morán
|
|
Batting: SHB Gerrie Bond
|
0-0: Foul Ball, location: 2F 0-1: Ball 1-1: SINGLE (Groundball, 4MD, EV 94.4 MPH)
|
Batting: LHB Weston Doyle
|
0-0: Ball 1-0: Ball 2-0: Called Strike 2-1: SINGLE (Groundball, 4M, EV 89.4 MPH) (infield hit) Gerrie Bond to second
|
Batting: RHB Jeff Bowers
|
0-0: Fly out, F8 (Line Drive, 8LD, EV 88.8 MPH)
|
Batting: LHB Jonathan Gunner
|
0-0: Ball 1-0: Called Strike 1-1: Ball 2-1: Ball 3-1: Fly out, F9 (Flyball, 9LD, EV 108.1 MPH)
|
Batting: LHB Derek Corbin
|
0-0: Ball 1-0: Called Strike 1-1: Fly out, F8 (Flyball, 8LM, EV 96.2 MPH)
|
Bottom of the 8th over - 0 runs, 2 hits, 0 errors, 2 left on base; Toledo 10 - New Orleans 1 |
TOP OF THE 9TH |
Toledo Stingers batting - Pitching for New Orleans Voodoo : RHP Buzzy Grossman
|
Batting: LHB Pedro Serano
|
0-0: Swinging Strike 0-1: SOLO HOME RUN (Flyball, 9LD, EV 90.0 MPH), Distance : 346 ft
|
Batting: LHB Chet Clifton
|
0-0: Called Strike 0-1: Ball 1-1: Fly out, F5 (Popup, 5DF, EV 75.0 MPH)
|
Batting: LHB Grover Barbaran
|
0-0: Called Strike 0-1: Swinging Strike 0-2: Strikes out looking
|
Batting: RHB David Alcabú
|
0-0: Called Strike 0-1: Swinging Strike 0-2: Ball 1-2: Ball 2-2: SINGLE (Groundball, 4MD, EV 103.1 MPH)
|
Pinch Hitting: LHB Joe Clark
|
0-0: Called Strike Pickoff Throw to First - Out! 1-3
|
Top of the 9th over - 1 run, 2 hits, 0 errors, 0 left on base; Toledo 11 - New Orleans 1 |
BOTTOM OF THE 9TH |
New Orleans Voodoo batting - Pitching for Toledo Stingers : RHP Stu Riley
|
Now at C: Joe Clark
|
|
Batting: LHB Aurelius Estrada
|
0-0: Ball 1-0: SINGLE (Groundball, 34D, EV 100.6 MPH)
|
Batting: LHB Luis García
|
0-0: Ball 1-0: Called Strike 1-1: Foul Ball, location: 2F 1-2: Ball 2-2: Foul Ball, location: 2F 2-2: Ball 3-2: Grounds into double play, 4-6-3 (Groundball, 34, EV 101.2 MPH)
|
Batting: RHB Arturo Cicerón
|
0-0: Swinging Strike 0-1: Ball 1-1: Foul Ball, location: 2F 1-2: Ball 2-2: SINGLE (Flyball, 7S, EV 87.5 MPH)
|
Batting: RHB Jason Slaybaugh
|
0-0: Called Strike 0-1: Ball 1-1: Ground out 1-3 (Groundball, 13, EV 86.9 MPH)
|
Bottom of the 9th over - 0 runs, 2 hits, 0 errors, 1 left on base; Toledo 11 - New Orleans 1 |
|